 Dungeon Sprint DCSS version 0.27-a0-1319-geec4fb4e21 (webtiles) character file.

Game seed: 6420384318341237364

8040 mhtbhm the Eclecticist (level 11, -8/49 HPs)
             Began as a Spriggan Earth Elementalist on June 21, 2021.
             Was the Champion of Vehumet.
             Killed by a malign offering
             ... invoked by a deep elf high priest
              (17 damage)
             ... in the Dungeon (Sprint III: "The Ten Rune Challenge").
             The game lasted 00:05:36 (2035 turns).

mhtbhm the Eclecticist (SpEE)                       Turns: 2035, Time: 00:05:37

Health: -8/49      AC:  4    Str:  4    XL:     11   Next: 4%
Magic:  3/36       EV: 20    Int: 20    God:    Vehumet [******]
Gold:   2133       SH:  0    Dex: 16    Spells: 32/50 levels left

rFire    . . .     SeeInvis +   p - +1 short sword (speed)
rCold    + . .     Faith    .   (shield restricted)
rNeg     . . .     Spirit   .   a - +2 robe {rC+}
rPois    .         Reflect  .   (helmet restricted)
rElec    .         Harm     .   (no cloak)
rCorr    .         Rampage  .   (gloves unavailable)
Will     +....     NoTele   +   (boots unavailable)
Stlth    +++.......             (no amulet)
HPRegen  0.16/turn              (no ring)
MPRegen  0.25/turn              (no ring)

@: very quick
A: very small, no large weapons, unfitting armour, see invisible, speed 3
a: Renounce Religion


You were in the Dungeon.
You worshipped Vehumet.
Vehumet was exalted by your worship.
You visited 1 branch You collected 2255 gold pieces.
You spent 122 gold pieces at shops.

Inventory:

Hand Weapons
 p - a +1 short sword of speed (weapon)
Armour
 a - a +2 robe of cold resistance (worn)
 q - a +2 robe of fire resistance
Wands
 n - a wand of paralysis (7)
Scrolls
 b - a scroll of immolation {unknown}
 h - a scroll of blinking
 j - 4 scrolls of identify
 l - a scroll of holy word {unknown}
Potions
 c - 2 potions of curing
 d - a potion of heal wounds
 e - a potion of haste
 f - 2 potions of magic
 g - 3 potions of berserk rage
 k - 3 potions of flight
 m - 5 potions of mutation
Miscellaneous
 o - a box of beasts


   Skills:
 + Level 1.5 Fighting
 + Level 6.2 Dodging
 + Level 5.9 Stealth
 + Level 20.1 Spellcasting
 + Level 1.8 Conjurations
 + Level 4.1 Transmutations
 + Level 16.3 Earth Magic


You had 32 spell levels left.
You knew the following spells:

 Your Spells              Type           Power      Damage    Failure   Level
a - Sandblast             Erth           100%       2d20      0%          1
b - Passwall              Tmut/Erth      47%        N/A       1%          2
c - Stone Arrow           Conj/Erth      100%       3d13      1%          3
d - Lee's Rapid Deconstr  Erth           35%        3d19*     1%          5
e - Petrify               Tmut/Erth      57%        N/A       1%          4
f - Mephitic Cloud        Conj/Pois/Air  22%        N/A       1%          3

Your spell library contained the following spells:

 Spells                   Type           Power      Damage    Failure   Level
 Olgreb's Toxic Radiance  Pois           20%        N/A       7%          4
 Foxfire                  Conj/Fire      92%        2x1d8     1%          1
 Magic Dart               Conj           100%       1d8       1%          1
 Conjure Flame            Conj/Fire      23%        6-21      1%          3
 Blink                    Tloc           N/A        N/A       3%          2
 Call Imp                 Summ           20%        N/A       3%          2
 Slow                     Hex            20%        N/A       3%          2
 Summon Ice Beast         Ice/Summ       20%        N/A       24%         4
 Metabolic Englaciation   Hex/Ice        10%        N/A       56%         5
 Spellforged Servitor     Conj/Summ      11%        N/A       96%         7


Dungeon Overview and Level Annotations

Branches:
Dungeon (1/1)

Altars:
Cheibriados
Dithmenos
Elyvilon
Fedhas
Gozag
Hepliaklqana
Kikubaaqudgha
Makhleb
Nemelex Xobeh
Okawaru
Qazlal
Ru
Sif Muna
Trog
Uskayaw
Vehumet
Wu Jian
Xom
Yredelemnul
Zin
The Shining One
Beogh
Jiyva
Lugonu

Shops:
D [


Innate Abilities, Weirdness & Mutations

You are very small and have problems with some larger weapons.
You are too small for most types of armour.
You have supernaturally acute eyesight. (SInv)
You cover ground extremely quickly. (Speed+++)


Message History

Press: ? - help, Dir - move target A translucent rock wall.
The wall shatters!
The blast of rock fragments hits the deep elf high priest but does no damage.
The deep elf high priest is severely wounded.
Unknown command.
Unknown command.
Unknown command.
Casting: Lee's Rapid Deconstruction (safe; 1% risk of failure)
Confirm with . or Enter, or press ? or * to list all spells.
Aiming: Stone Arrow (safe; 1% risk of failure)
Press: ? - help, Shift-Dir - straight line
Okay, then.
Casting: Stone Arrow (safe; 1% risk of failure)
Confirm with . or Enter, or press ? or * to list all spells.
Aiming: Sandblast (safe; 0% risk of failure)
Press: ? - help, Shift-Dir - straight line The blast of sand hits the deep elf high priest!
The deep elf high priest is almost dead.
The deep elf high priest hits you with the +6 flail of Moelev {freeze, *Slow Fly rF- Dex+8}!
The deep elf high priest freezes you.
Unknown command.
Casting: Sandblast (safe; 0% risk of failure)
Confirm with . or Enter, or press ? or * to list all spells.
Aiming: Sandblast (safe; 0% risk of failure)
Press: ? - help, Shift-Dir - straight line The blast of sand hits the deep elf high priest but does no damage.
The deep elf high priest is almost dead.
You now have no stones remaining.
The deep elf high priest utters a dark prayer and points at you.
Your life force is offered up.
* * * LOW HITPOINT WARNING * * *
The deep elf high priest is healed.
Unknown command.
Casting: Sandblast (safe; 0% risk of failure)
Confirm with . or Enter, or press ? or * to list all spells.
You don't have any stones to cast with.
The deep elf high priest utters a dark prayer and points at you.
Your life force is offered up.
You die...

▓▓▓ ▓▓▓
#######.######.########
__#__####.#.∩#..@.#...#
_)#._#.........##e#...##≈
###'##........###.#)..≈≈≈
.....#))).....###)#...##≈
.....#)#)##.#..##.)...#
####'#)###.##.#.#######
_#...#'#####################
_#...#....#.#.#.....#......+
_#...##.#.)#.##.###)#......#


You could see a deep elf high priest.

Vanquished Creatures
  Erolcha (D)
  3 orc high priests (D)
  2 deep elf knights (D)
  A deep elf zephyrmancer (D)
  3 deep elf pyromancers (D)
  3 wandering mushrooms (D)
  2 redbacks (D)
  A shadow (D)
  A spatial vortex (D)
  An orc warrior (D)
  A necrophage (D)
  5 two-headed ogres (D)
  A water elemental (D)
  A jelly (D)
  Jessica (D)
  A wizard (D)
  A necromancer (D)
  6 orc wizards (D)
  3 humans (D)
  A kobold demonologist (D)
  A wolf (D)
  7 orcs (D)
  An endoplasm (D)
  3 rats (D)
51 creatures vanquished.

Vanquished Creatures (others)
  4 plants (D)
4 creatures vanquished.

Grand Total: 55 creatures vanquished

Notes
Turn   | Place    | Note
-------+----------+-------------------------------------------
     0 | D        | mhtbhm the Spriggan Earth Elementalist began the quest for
                  | the Orb.
     0 | D        | Reached XP level 1. HP: 9/9 MP: 5/5
    72 | D        | Noticed Jessica
    77 | D        | Killed Jessica
    78 | D        | Reached skill level 4 in Spellcasting
    78 | D        | Reached XP level 2. HP: 13/13 MP: 2/8
   251 | D        | Reached skill level 5 in Spellcasting
   251 | D        | Reached XP level 3. HP: 9/16 MP: 5/10
   258 | D        | Reached skill level 5 in Earth Magic
   320 | D        | Learned a level 2 spell: Passwall
   324 | D        | Learned a level 3 spell: Stone Arrow
   402 | D        | Noticed a water elemental
   415 | D        | Killed a water elemental
   416 | D        | Reached skill level 7 in Spellcasting
   416 | D        | Reached XP level 4. HP: 21/21 MP: 2/14
   516 | D        | Found a radiant altar of Vehumet.
   517 | D        | Found a shimmering blue altar of Sif Muna.
   517 | D        | Found an ancient bone altar of Kikubaaqudgha.
   517 | D        | Noticed a wizard
   519 | D        | Killed a wizard
   520 | D        | Reached skill level 5 in Dodging
   520 | D        | Reached XP level 5. HP: 24/24 MP: 13/16
   523 | D        | Identified Koco's Handbook of Freezing Conjuration
   530 | D        | Became a worshipper of Vehumet
   539 | D        | Learned a level 5 spell: Lee's Rapid Deconstruction
   544 | D        | Learned a level 4 spell: Petrify
   548 | D        | Learned a level 3 spell: Mephitic Cloud
   560 | D        | Found a basalt altar of Yredelemnul.
   560 | D        | Found a shadowy altar of Dithmenos.
   560 | D        | Found a sacrificial altar of Ru.
   560 | D        | Noticed a necrophage
   596 | D        | Reached skill level 8 in Spellcasting
   614 | D        | Killed a necrophage
   615 | D        | Reached skill level 9 in Spellcasting
   615 | D        | Reached XP level 6. HP: 26/28 MP: 0/19
   748 | D        | Found a glowing silver altar of Zin.
   748 | D        | Found a glowing golden altar of the Shining One.
   748 | D        | Found a white marble altar of Elyvilon.
   748 | D        | Noticed a deep elf pyromancer
   750 | D        | Killed a deep elf pyromancer
   750 | D        | Reached * piety under Vehumet
   750 | D        | Offered knowledge of Shock by Vehumet.
   751 | D        | Reached skill level 5 in Stealth
   751 | D        | Reached skill level 12 in Spellcasting
   751 | D        | Reached skill level 10 in Earth Magic
   751 | D        | Reached XP level 7. HP: 32/32 MP: 9/23
   834 | D        | Found a hide-covered altar of Uskayaw.
   834 | D        | Found an iron altar of Okawaru.
   834 | D        | Found a bloodstained altar of Trog.
   834 | D        | Found an ornate altar of the Wu Jian Council.
   834 | D        | Noticed a human
   834 | D        | Noticed a human
   837 | D        | Killed a human
   837 | D        | Killed a human
   838 | D        | Reached skill level 13 in Spellcasting
   914 | D        | Reached ** piety under Vehumet
   914 | D        | Offered knowledge of Poisonous Vapours by Vehumet.
   914 | D        | Noticed a shadow
   917 | D        | Killed a shadow
   918 | D        | Reached XP level 8. HP: 37/37 MP: 10/26
  1003 | D        | Found a blossoming altar of Fedhas.
  1003 | D        | Found a stormy altar of Qazlal.
  1003 | D        | Found a snail-covered altar of Cheibriados.
  1003 | D        | Found a burning altar of Makhleb.
  1003 | D        | Found a shimmering altar of Xom.
  1004 | D        | Found a hazy altar of Hepliaklqana.
  1004 | D        | Found an opulent altar of Gozag.
  1004 | D        | Found a sparkling altar of Nemelex Xobeh.
  1004 | D        | Found a corrupted altar of Lugonu.
  1004 | D        | Found a viscous altar of Jiyva.
  1008 | D        | Reached skill level 14 in Spellcasting
  1104 | D        | Offered knowledge of Ignite Poison by Vehumet.
  1105 | D        | Reached *** piety under Vehumet
  1231 | D        | Noticed a two-headed ogre
  1238 | D        | Killed a two-headed ogre
  1238 | D        | Offered knowledge of Fulminant Prism by Vehumet.
  1239 | D        | Reached skill level 15 in Spellcasting
  1286 | D        | Noticed Erolcha
  1287 | D        | Noticed a two-headed ogre
  1290 | D        | Killed Erolcha
  1291 | D        | Reached skill level 16 in Spellcasting
  1291 | D        | Reached XP level 9. HP: 20/40 MP: 9/30
  1291 | D        | Killed a two-headed ogre
  1409 | D        | Reached **** piety under Vehumet
  1420 | D        | Offered knowledge of Airstrike by Vehumet.
  1546 | D        | Noticed a wandering mushroom
  1551 | D        | Noticed a wandering mushroom
  1554 | D        | Killed a wandering mushroom
  1555 | D        | Reached skill level 17 in Spellcasting
  1556 | D        | Noticed a wandering mushroom
  1562 | D        | Killed a wandering mushroom
  1567 | D        | Killed a wandering mushroom
  1568 | D        | Reached skill level 1 in Conjurations
  1704 | D        | Reached ***** piety under Vehumet
  1707 | D        | Offered knowledge of Iskenderun's Mystic Blast by Vehumet.
  1708 | D        | Noticed an orc high priest
  1712 | D        | Reached skill level 1 in Fighting
  1712 | D        | Killed an orc high priest
  1713 | D        | Reached skill level 18 in Spellcasting
  1713 | D        | Reached XP level 10. HP: 32/45 MP: 16/33
  1716 | D        | Noticed an orc high priest
  1718 | D        | Killed an orc high priest
  1719 | D        | Reached skill level 15 in Earth Magic
  1719 | D        | Noticed an orc high priest
  1721 | D        | Killed an orc high priest
  1851 | D        | Found Engyem's Antique Armour Emporium.
  1934 | D        | Bought a runed robe for 122 gold pieces
  1945 | D        | Noticed a deep elf knight
  1945 | D        | Noticed a deep elf pyromancer
  1945 | D        | Noticed a deep elf zephyrmancer
  1945 | D        | Noticed a deep elf knight
  1945 | D        | Noticed a deep elf pyromancer
  1958 | D        | Killed a deep elf knight
  1959 | D        | Reached skill level 19 in Spellcasting
  1959 | D        | Killed a deep elf knight
  1959 | D        | Reached ****** piety under Vehumet
  1959 | D        | Offered knowledge of Olgreb's Toxic Radiance by Vehumet.
  1961 | D        | Killed a deep elf pyromancer
  1962 | D        | Killed a deep elf pyromancer
  1963 | D        | Killed a deep elf zephyrmancer
  1964 | D        | Reached skill level 20 in Spellcasting
  1964 | D        | Reached XP level 11. HP: 49/49 MP: 12/36
  2020 | D        | Identified the +6 flail of Moelev {freeze, *Slow Fly rF-
                  | Dex+8}
  2020 | D        | Noticed a deep elf high priest
  2035 | D        | Killed from afar by a deep elf high priest

Illustrated notes

Levels and vault maps discovered:
D:        dungeon_sprint_mu [sprint_mu_entry_cave, sprint_mu_temple_rooms,
          sprint_mu_d1_spiders, sprint_mu_d2_genie, sprint_mu_d3_branching,
          sprint_mu_orc_legion, sprint_mu_elf_gauntlet, sprint_mu_hive_nellie,
          sprint_mu_lair_fedhas, sprint_mu_vaults_butterflies,
          sprint_mu_slime_circle, sprint_mu_swamp_cave, sprint_mu_snake_twists,
          sprint_mu_blade_basic, sprint_mu_crypt_lich, sprint_mu_tomb_spiral,
          sprint_mu_vestibule_basic, sprint_mu_gehenna_hellfire,
          sprint_mu_dis_giant, sprint_mu_tartarus_statrot,
          sprint_mu_cocytus_islands, sprint_mu_zot1]

Skill      XL: |  1  2  3  4  5  6  7  8  9 10 |
---------------+-------------------------------+-----
Transmutations | 2 3 4 |  4.1
Dodging        | 4 5 6 |  6.2
Spellcasting   | 4 5 7 9 12 13 16 18 20 | 20.1
Earth Magic    | 4 6 7 8 10 11 13 14 16 | 16.3
Stealth        | 4 5 |  5.9
Conjurations   | 1 |  1.8
Fighting       | 1 |  1.5

Action                   |  1- 3 |  4- 6 |  7- 9 | 10-12 || total
-------------------------+-------+-------+-------+-------++-------
 Cast: Sandblast         |    20 |     6 |     2 |     2 ||    30
       Stone Arrow       |     3 |       |    13 |       ||    16
       Lee's Rapid Decon |       |     5 |    27 |    16 ||    48
       Petrify           |       |       |     1 |       ||     1
       Passwall          |       |       |       |     3 ||     3
Armor: Robe              |     1 |       |       |       ||     1
Dodge: Dodged            |     4 |     3 |     1 |     1 ||     9

Table legend: (Time is in decaauts)
 A = Elapsed time spent in this place.
 B = Non-inter-level travel time spent in this place.
 C = Inter-level travel time spent in this place.
 D = Time resting spent in this place.
 E = Time spent auto-exploring this place.
 F = Levels seen in this place.
 G = Mean time per level.
                   A        B        C        D        E       F      G
               +--------+--------+--------+--------+--------+-----+--------+
         Total |   1855 |   1855 |      0 |   1370 |     24 |   1 | 1855.0 |
       Dungeon |   1855 |   1855 |      0 |   1370 |     24 |   1 | 1855.0 |
               +--------+--------+--------+--------+--------+-----+--------+

Top non-repeatable levels by time:
       D: 1855 daAuts
